Comets vs Heat

Created - Wednesday, March 09, 2016 at 04:08

Goals
1 2 3 T
Comets 0 0 0 0
Heat 0 1 0 1
Shots
1 2 3 T
Comets 8 7 8 23
Heat 10 8 12 30

1st period

No Goal

Penalties :
Konrad Abeltshauser (STO) for Fighting (Major) at 1:48, Nicklas Jensen (UTI) for Fighting (Major) at 1:48, Konrad Abeltshauser (STO) for instigated a fight (Minor) at 1:48, Konrad Abeltshauser (STO) for instigated a fight (10 Minutes Misconduct) at 1:48, Stephane Veilleux (STO) for Holding (Minor) at 4:24

2nd period

1. Heat , Michael Ferland 9 (Tyler Pitlick) at 10:41

Penalties :
Tyler Wotherspoon (STO) for Hooking (Minor) at 5:30, Jared Boll (UTI) for Hooking (Minor) at 11:00, Corbin McPherson (UTI) for Boarding (Minor) at 18:36

3rd period

No Goal

Penalties :
No Penalty

Goalie Stats

Mike Condon (UTI), 29 saves from 30 shots - (0.967), L, 42-19-14, 60:00 minutes
Michael Leighton (STO), 23 saves from 23 shots - (1.000), W, 59-3-4, 60:00 minutes

Players Stats for Comets

Player Name              G  A  P  +/- PIM S  H  SB GA TA FO     MP     PP MP  PK MP  
------------------------------------------------------------------------------------
Adam Pardy               0  0  0   0  0   1  0  3  0  3  0/0    20:52   3:10   1:56 
Andrew Ference           0  0  0   0  0   3  0  4  0  1  0/0    25:56   3:10   1:56 
Ben Hanowski             0  0  0   0  0   1  0  0  1  0  2/4    10:37   0:00   1:06 
Colby Robak              0  0  0   0  0   2  0  0  0  0  0/0    19:13   2:47   2:02 
Corbin McPherson         0  0  0  -1  2   0  3  0  0  0  0/0    15:55   0:00   0:00 
Derek Meech              0  0  0  -1  0   1  0  1  0  1  0/0    14:51   0:00   0:00 
Dylan McIlrath           0  0  0   0  0   0  0  2  0  0  0/0     6:51   0:00   0:00 
Jared Boll               0  0  0   0  2   0  0  1  1  1  0/1    17:42   2:54   0:00 
Jay Beagle               0  0  0  -1  0   0  0  0  0  0  11/17  22:12   3:03   2:15 
Jeremy Welsh             0  0  0   0  0   1  0  0  0  2  5/13   18:08   2:54   0:43 
Kent Huskins             0  0  0   0  0   0  0  1  0  1  0/0    19:13   2:47   2:02 
Landon Ferraro           0  0  0   0  0   3  1  0  2  1  7/9    17:35   0:00   0:24 
Mike Sislo               0  0  0  -1  0   3  0  1  1  0  0/0    13:23   3:03   0:00 
Nicklas Jensen           0  0  0   0  5   0  0  1  0  0  0/0    13:57   0:00   0:00 
Reid Boucher             0  0  0   0  0   5  0  0  6  0  0/0    17:25   2:54   0:00 
Scott Glennie            0  0  0   0  0   0  1  1  0  0  0/0     6:49   0:00   0:00 
Sven Baertschi           0  0  0   0  0   1  0  0  5  1  0/1    15:37   0:00   0:00 
Tyler Kennedy            0  0  0  -1  0   2  2  0  0  0  0/2    19:43   3:03   3:28 

Players Stats for Heat

Player Name              G  A  P  +/- PIM S  H  SB GA TA FO     MP     PP MP  PK MP  
------------------------------------------------------------------------------------
Andre Burakovsky         0  0  0   0  0   2  1  0  4  0  1/1    14:51   2:10   0:00 
Brooks Laich             0  0  0   0  0   6  2  1  3  0  0/0    15:48   2:10   0:00 
Corey Potter             0  0  0   0  0   1  1  2  0  1  0/0    21:19   2:03   1:43 
Eric Boulton             0  0  0   1  0   1  3  0  1  0  0/0    10:50   0:00   0:00 
Jason Garrison           0  0  0   0  0   5  2  1  1  1  0/0    26:07   2:03   3:42 
Johan Larsson            0  0  0   0  0   0  4  0  1  0  4/10   14:51   2:10   0:00 
Keith Ballard            0  0  0   0  0   0  3  1  0  1  0/0    21:31   1:55   2:15 
Konrad Abeltshauser      0  0  0   1  17  0  2  0  0  2  0/0    14:54   0:00   1:59 
Lucas Lessio             0  0  0   0  0   0  1  0  0  0  0/2    12:39   0:00   0:00 
Matt Ellis               0  0  0   0  0   1  0  1  1  1  4/11   14:55   1:48   0:00 
Max Reinhart             0  0  0   0  0   0  0  0  0  0  5/6    15:48   0:00   2:50 
Michael Ferland          1  0  1   1  0   4  0  0  2  1  0/0    14:26   0:00   3:07 
Michael Ryder            0  0  0   0  0   1  1  0  2  0  0/1    15:48   0:00   2:50 
Seth Griffith            0  0  0   0  0   1  0  0  2  0  0/1    14:19   1:48   0:00 
Stephane Veilleux        0  0  0   0  2   0  0  1  2  1  0/1    15:02   1:48   0:00 
Tyler Pitlick            0  1  1   1  0   7  0  0  2  0  8/14   14:26   0:00   3:07 
Tyler Wotherspoon        0  0  0   1  2   0  3  0  0  0  0/0    15:31   0:00   0:00 
Tyson Strachan           0  0  0   0  0   1  3  4  0  1  0/0    20:55   1:55   2:15 

3 Stars

1 - Michael Leighton (STO)
2 - Mike Condon (UTI)
3 - Michael Ferland (STO)

Power Play

Comets - 0 on 3 Attempt(s) - 0.00%
Heat - 0 on 2 Attempt(s) - 0.00%

Penalty Kill

Comets - 2 on 2 Attempt(s) - 100.00% - Score 0 goal in Penalty Kill
Heat - 3 on 3 Attempt(s) - 100.00% - Score 0 goal in Penalty Kill

Team Stat

Comets - Hits : 7 - Faceoff Wins : 25 - Blocked Shots : 15 - Penalty Minutes : 9
Heat - Hits : 26 - Faceoff Wins : 22 - Blocked Shots : 11 - Penalty Minutes : 21

Official

Referees : Unknown
Linesman : Unknown

Game Notes

Konrad Abeltshauser beats up Nicklas Jensen at 1:48 of 1st period

Finance

Level 1 -- Attendance: 1395 (69.75%) -- Ticket Income $41,850
Level 2 -- Attendance: 691 (69.10%) -- Ticket Income $6,910
Total Attendance: 2086 (69.53%)
Total Ticket Income: $48,760
Other Income: $23,892
Total Income: $72,652

Comets

5 vs 5 Forward 
   Center                   Left Wing                Right Wing               Time % Phy DF OF 
 1 Jay Beagle               Tyler Kennedy            Mike Sislo               35     1   2  2  
 2 Jeremy Welsh             Reid Boucher             Jared Boll               30     1   2  2  
 3 Landon Ferraro           Sven Baertschi           Nicklas Jensen           22     1   2  2  
 4 Jay Beagle               Ben Hanowski             Scott Glennie            13     1   2  2  

5 vs 5 Defense 
   Defense                  Defense                                           Time % Phy DF OF 
 1 Andrew Ference           Adam Pardy                                        35     1   2  2  
 2 Colby Robak              Kent Huskins                                      30     1   2  2  
 3 Derek Meech              Corbin McPherson                                  22     1   2  2  
 4 Dylan McIlrath           Andrew Ference                                    13     1   2  2  

PowerPlay Forward 
   Center                   Left Wing                Right Wing               Time % Phy DF OF 
 1 Jay Beagle               Tyler Kennedy            Mike Sislo               60     1   2  2  
 2 Jeremy Welsh             Reid Boucher             Jared Boll               40     1   2  2  

PowerPlay Defense
   Defense                  Defense                                           Time % Phy DF OF 
 1 Andrew Ference           Adam Pardy                                        60     1   2  2  
 2 Colby Robak              Kent Huskins                                      40     1   2  2  

Penalty Kill 4 Players Forward 
   Center                   Wing                     Time % Phy DF OF 
 1 Jay Beagle               Tyler Kennedy            60     1   2  2  
 2 Mike Sislo               Jared Boll               40     1   2  2  

Penalty Kill 4 Players Defense
   Defense                  Defense                  Time % Phy DF OF 
 1 Andrew Ference           Adam Pardy               60     1   2  2  
 2 Colby Robak              Kent Huskins             40     1   2  2  

Penalty Kill - 3 Players Forward 
   Forward                                           Time % Phy DF OF 
 1 Jay Beagle                                        60     1   2  2  
 2 Tyler Kennedy                                     40     1   2  2  

Penalty Kill - 3 Players Defense
   Defense                  Defense                  Time % Phy DF OF 
 1 Andrew Ference           Adam Pardy               60     1   2  2  
 2 Colby Robak              Kent Huskins             40     1   2  2  

4 vs 4 Forward 
   Center                   Wing                     Time % Phy DF OF 
 1 Jay Beagle               Tyler Kennedy            60     1   2  2  
 2 Mike Sislo               Jared Boll               40     1   2  2  

4 vs 4 Defense
   Defense                  Defense                  Time % Phy DF OF 
 1 Andrew Ference           Adam Pardy               60     1   2  2  
 2 Colby Robak              Kent Huskins             40     1   2  2  

Last Minutes Offensive
   Center                   Left Wing                Right Wing               Defense                  Defense                  
   Jay Beagle               Tyler Kennedy            Mike Sislo               Andrew Ference           Adam Pardy               

Last Minutes Defensive
   Center                   Left Wing                Right Wing               Defense                  Defense                  
   Jay Beagle               Tyler Kennedy            Mike Sislo               Andrew Ference           Adam Pardy               

Goaltenders
Starting : Mike Condon              
Backup : Chris Driedger           

Extra Forwards
Normal : Sven Baertschi, Nicklas Jensen, Ben Hanowski - PP : Sven Baertschi, Nicklas Jensen - PK : Ben Hanowski
Extra Defensemen
Normal : Derek Meech, Corbin McPherson, Dylan McIlrath - PP : Derek Meech - PK : Corbin McPherson, Dylan McIlrath
Penalty Shots
Jay Beagle, Tyler Kennedy, Mike Sislo, Jared Boll, Reid Boucher

Heat

5 vs 5 Forward 
   Center                   Left Wing                Right Wing               Time % Phy DF OF 
 1 Johan Larsson            Stephane Veilleux        Andre Burakovsky         28     0   1  4  
 2 Matt Ellis               Brooks Laich             Seth Griffith            25     0   1  4  
 3 Max Reinhart             Lucas Lessio             Michael Ryder            25     0   1  4  
 4 Tyler Pitlick            Michael Ferland          Eric Boulton             22     1   2  2  

5 vs 5 Defense 
   Defense                  Defense                                           Time % Phy DF OF 
 1 Jason Garrison           Tyson Strachan                                    35     1   2  2  
 2 Konrad Abeltshauser      Tyler Wotherspoon                                 30     1   2  2  
 3 Keith Ballard            Corey Potter                                      25     1   2  2  
 4 Jason Garrison           Konrad Abeltshauser                               10     1   2  2  

PowerPlay Forward 
   Center                   Left Wing                Right Wing               Time % Phy DF OF 
 1 Johan Larsson            Brooks Laich             Andre Burakovsky         50     0   0  5  
 2 Matt Ellis               Stephane Veilleux        Seth Griffith            50     0   0  5  

PowerPlay Defense
   Defense                  Defense                                           Time % Phy DF OF 
 1 Jason Garrison           Corey Potter                                      50     0   0  5  
 2 Keith Ballard            Tyson Strachan                                    50     0   0  5  

Penalty Kill 4 Players Forward 
   Center                   Wing                     Time % Phy DF OF 
 1 Tyler Pitlick            Michael Ferland          50     0   5  0  
 2 Max Reinhart             Michael Ryder            50     0   5  0  

Penalty Kill 4 Players Defense
   Defense                  Defense                  Time % Phy DF OF 
 1 Keith Ballard            Tyson Strachan           50     0   5  0  
 2 Jason Garrison           Konrad Abeltshauser      50     0   5  0  

Penalty Kill - 3 Players Forward 
   Forward                                           Time % Phy DF OF 
 1 Tyler Pitlick                                     50     0   5  0  
 2 Max Reinhart                                      50     0   5  0  

Penalty Kill - 3 Players Defense
   Defense                  Defense                  Time % Phy DF OF 
 1 Jason Garrison           Keith Ballard            50     0   5  0  
 2 Tyler Wotherspoon        Tyson Strachan           50     0   5  0  

4 vs 4 Forward 
   Center                   Wing                     Time % Phy DF OF 
 1 Matt Ellis               Andre Burakovsky         50     1   2  2  
 2 Johan Larsson            Seth Griffith            50     1   2  2  

4 vs 4 Defense
   Defense                  Defense                  Time % Phy DF OF 
 1 Jason Garrison           Corey Potter             50     1   2  2  
 2 Keith Ballard            Tyson Strachan           50     1   2  2  

Last Minutes Offensive
   Center                   Left Wing                Right Wing               Defense                  Defense                  
   Johan Larsson            Lucas Lessio             Andre Burakovsky         Jason Garrison           Keith Ballard            

Last Minutes Defensive
   Center                   Left Wing                Right Wing               Defense                  Defense                  
   Matt Ellis               Stephane Veilleux        Brooks Laich             Jason Garrison           Tyson Strachan           

Goaltenders
Starting : Michael Leighton         
Backup : Andrei Vasilevskiy       

Extra Forwards
Normal : Michael Ryder, Michael Ferland, Stephane Veilleux - PP : Michael Ryder, Michael Ferland - PK : Eric Boulton
Extra Defensemen
Normal : Keith Ballard, Corey Potter, Tyler Wotherspoon - PP : Konrad Abeltshauser - PK : Corey Potter, Tyler Wotherspoon
Penalty Shots
Michael Ryder, Lucas Lessio, Max Reinhart, Andre Burakovsky, Johan Larsson

% Time on Ice - Comets

Lines # - Real PCT - Wanted PCT - Time Play
Normal Forward
1 - 26% - 35% - 12:54
2 - 29% - 30% - 14:31
3 - 31% - 22% - 15:15
4 - 14% - 13% - 6:49
Normal Defense
1 - 31% - 35% - 15:10
2 - 29% - 30% - 14:24
3 - 26% - 22% - 13:04
4 - 14% - 13% - 6:51
PP Forward
1 - 51% - 60% - 3:03
2 - 49% - 40% - 2:54
PP Defense
1 - 53% - 60% - 3:10
2 - 47% - 40% - 2:47
PK Forward
1 - 100% - 60% - 3:58
2 - 0% - 40% - 0:00
PK Defense
1 - 49% - 60% - 1:56
2 - 51% - 40% - 2:02
PK3 Forward
1 - 0% - 60%
2 - 0% - 40%
PK3 Defense
1 - 0% - 60%
2 - 0% - 40%
44 Forward
1 - 0% - 60%
2 - 0% - 40%
44 Defense
1 - 0% - 60%
2 - 0% - 40%
Last Minute Offensive  - 0:36
Last Minute Defensive  - 0:00
Total
Forward - 60:00
Defense - 60:00

% Time on Ice - Heat

Lines # - Real PCT - Wanted PCT - Time Play
Normal Forward
1 - 27% - 28% - 13:11
2 - 26% - 25% - 12:50
3 - 26% - 25% - 12:39
4 - 22% - 22% - 10:49
Normal Defense
1 - 34% - 35% - 16:50
2 - 34% - 30% - 16:39
3 - 25% - 25% - 12:37
4 - 7% - 10% - 3:23
PP Forward
1 - 55% - 50% - 2:10
2 - 45% - 50% - 1:48
PP Defense
1 - 52% - 50% - 2:03
2 - 48% - 50% - 1:55
PK Forward
1 - 52% - 50% - 3:07
2 - 48% - 50% - 2:50
PK Defense
1 - 38% - 50% - 2:15
2 - 62% - 50% - 3:42
PK3 Forward
1 - 0% - 50%
2 - 0% - 50%
PK3 Defense
1 - 0% - 50%
2 - 0% - 50%
44 Forward
1 - 0% - 50%
2 - 0% - 50%
44 Defense
1 - 0% - 50%
2 - 0% - 50%
Last Minute Offensive  - 0:00
Last Minute Defensive  - 0:36
Total
Forward - 60:00
Defense - 60:00

Play by Play

1st period


0:01 of 1st period - Johan Larsson wins face-off versus Jay Beagle in neutral zone.
0:18 of 1st period - Wrist shot by Jay Beagle.
0:18 of 1st period - Shot Blocked by Tyson Strachan.
1:48 of 1st period - Konrad Abeltshauser beats up Nicklas Jensen.
1:48 of 1st period - Penalty to Konrad Abeltshauser for Fighting.
1:48 of 1st period - Penalty to Nicklas Jensen for Fighting.
1:48 of 1st period - Penalty to Konrad Abeltshauser for instigated a fight.
1:48 of 1st period - Penalty to Konrad Abeltshauser for instigated a fight.
1:49 of 1st period - Jay Beagle wins face-off versus Tyler Pitlick in Heat zone.
2:12 of 1st period - Snap shot by Mike Sislo.
2:12 of 1st period - Shot Misses the Net.
2:21 of 1st period - Off-side.
2:22 of 1st period - Tyler Pitlick wins face-off versus Jeremy Welsh in neutral zone.
3:48 of 1st period - Penalty to Konrad Abeltshauser is over, Eric Boulton is send on ice.
4:24 of 1st period - Minor Penalty to Stephane Veilleux for Holding.
4:25 of 1st period - Jay Beagle wins face-off versus Max Reinhart in Heat zone.
4:25 of 1st period - Slapshot by Mike Sislo.
4:25 of 1st period - Shot Blocked by Corey Potter.
4:27 of 1st period - Slapshot by Adam Pardy.
4:27 of 1st period - Deflect By Mike Sislo.
4:27 of 1st period - Shot Misses the Net.
4:27 of 1st period - Puck is out of play.
4:28 of 1st period - Max Reinhart wins face-off versus Tyler Kennedy in Heat zone.
4:28 of 1st period - Max Reinhart is hit by Tyler Kennedy.
4:38 of 1st period - Wrist shot by Jay Beagle.
4:38 of 1st period - Shot Misses the Net.
4:59 of 1st period - Off-side.
5:00 of 1st period - Tyler Pitlick wins face-off versus Jeremy Welsh in neutral zone.
5:03 of 1st period - Snap shot by Michael Ferland.
5:03 of 1st period - Stopped by Mike Condon without a rebound.
5:04 of 1st period - Jeremy Welsh wins face-off versus Tyler Pitlick in Comets zone.
6:11 of 1st period - Icing by Tyler Kennedy.
6:12 of 1st period - Max Reinhart wins face-off versus Jay Beagle in Comets zone.
6:24 of 1st period - Penalty to Stephane Veilleux is over, Stephane Veilleux is back on ice.
6:31 of 1st period - Slapshot by Andrew Ference.
6:31 of 1st period - Shot Misses the Net.
7:01 of 1st period - Jason Garrison is hit by Landon Ferraro and loses puck.
7:14 of 1st period - Slapshot by Sven Baertschi.
7:14 of 1st period - Shot Misses the Net.
7:16 of 1st period - Slapshot by Ben Hanowski.
7:16 of 1st period - Shot Misses the Net.
7:18 of 1st period - Slapshot by Derek Meech.
7:18 of 1st period - Stopped by Michael Leighton with a rebound.
7:20 of 1st period - Wrist shot by Sven Baertschi.
7:20 of 1st period - Shot Blocked by Brooks Laich.
7:22 of 1st period - Snap shot by Sven Baertschi.
7:22 of 1st period - Shot Misses the Net.
8:23 of 1st period - Off-side.
8:24 of 1st period - Landon Ferraro wins face-off versus Johan Larsson in neutral zone.
8:48 of 1st period - Andrew Ference is hit by Johan Larsson and loses puck.
9:09 of 1st period - Snap shot by Tyler Kennedy.
9:09 of 1st period - Stopped by Michael Leighton without a rebound.
9:10 of 1st period - Tyler Pitlick wins face-off versus Jay Beagle in Heat zone.
9:17 of 1st period - Wrist shot by Mike Sislo.
9:17 of 1st period - Shot Misses the Net.
10:12 of 1st period - Kent Huskins is hit by Keith Ballard and loses puck.
10:23 of 1st period - Michael Ryder is hit by Corbin McPherson and loses puck.
10:56 of 1st period - Jay Beagle is hit by Tyler Wotherspoon and loses puck.
11:17 of 1st period - Slapshot by Sven Baertschi.
11:17 of 1st period - Stopped by Michael Leighton with a rebound.
11:43 of 1st period - Adam Pardy is hit by Johan Larsson and loses puck.
11:50 of 1st period - Wrist shot by Andre Burakovsky.
11:50 of 1st period - Shot Misses the Net.
12:06 of 1st period - Wrist shot by Reid Boucher.
12:06 of 1st period - Shot Blocked by Corey Potter.
12:08 of 1st period - Slapshot by Colby Robak.
12:08 of 1st period - Stopped by Michael Leighton without a rebound.
12:09 of 1st period - Jeremy Welsh wins face-off versus Tyler Pitlick in Heat zone.
12:18 of 1st period - Snap shot by Reid Boucher.
12:18 of 1st period - Stopped by Michael Leighton with a rebound.
12:22 of 1st period - Snap shot by Reid Boucher.
12:22 of 1st period - Stopped by Michael Leighton with a rebound.
13:10 of 1st period - Snap shot by Michael Ryder.
13:10 of 1st period - Shot Misses the Net.
13:41 of 1st period - Snap shot by Seth Griffith.
13:41 of 1st period - Deflect By Jared Boll.
13:41 of 1st period - Shot Misses the Net.
13:41 of 1st period - Puck is out of play.
13:42 of 1st period - Landon Ferraro wins face-off versus Matt Ellis in Comets zone.
13:47 of 1st period - Adam Pardy is hit by Keith Ballard and loses puck.
13:56 of 1st period - Snap shot by Seth Griffith.
13:56 of 1st period - Shot Misses the Net.
14:57 of 1st period - Andrew Ference is hit by Eric Boulton and loses puck.
15:04 of 1st period - Slapshot by Tyler Pitlick.
15:04 of 1st period - Stopped by Mike Condon with a rebound.
15:06 of 1st period - Slapshot by Eric Boulton.
15:06 of 1st period - Shot Blocked by Adam Pardy.
15:08 of 1st period - Snap shot by Tyler Pitlick.
15:08 of 1st period - Stopped by Mike Condon with a rebound.
15:10 of 1st period - Wrist shot by Eric Boulton.
15:10 of 1st period - Stopped by Mike Condon with a rebound.
15:12 of 1st period - Slapshot by Jason Garrison.
15:12 of 1st period - Shot Blocked by Andrew Ference.
15:14 of 1st period - Snap shot by Tyler Pitlick.
15:14 of 1st period - Stopped by Mike Condon with a rebound.
15:16 of 1st period - Slapshot by Corey Potter.
15:16 of 1st period - Stopped by Mike Condon with a rebound.
15:18 of 1st period - Wrist shot by Jason Garrison.
15:18 of 1st period - Deflect By Michael Ferland.
15:18 of 1st period - Stopped by Mike Condon with a rebound.
15:20 of 1st period - Slapshot by Jason Garrison.
15:20 of 1st period - Stopped by Mike Condon with a rebound.
15:39 of 1st period - Snap shot by Jeremy Welsh.
15:39 of 1st period - Stopped by Michael Leighton without a rebound.
15:40 of 1st period - Max Reinhart wins face-off versus Jeremy Welsh in Heat zone.
16:10 of 1st period - Kent Huskins is hit by Keith Ballard and loses puck.
16:37 of 1st period - Wrist shot by Brooks Laich.
16:37 of 1st period - Stopped by Mike Condon without a rebound.
16:38 of 1st period - Matt Ellis wins face-off versus Jeremy Welsh in Comets zone.
16:48 of 1st period - 10 Minutes Misconduct Penalty to Konrad Abeltshauser is over.
16:54 of 1st period - Slapshot by Reid Boucher.
16:54 of 1st period - Stopped by Michael Leighton with a rebound.
17:10 of 1st period - Jay Beagle is hit by Tyson Strachan and loses puck.
17:39 of 1st period - Snap shot by Andre Burakovsky.
17:39 of 1st period - Stopped by Mike Condon without a rebound.
17:40 of 1st period - Tyler Pitlick wins face-off versus Ben Hanowski in Comets zone.
19:41 of 1st period - Wrist shot by Stephane Veilleux.
19:41 of 1st period - Deflect By Andre Burakovsky.
19:41 of 1st period - Shot Blocked by Jared Boll.
19:41 of 1st period - Puck is out of play.
19:42 of 1st period - Jay Beagle wins face-off versus Matt Ellis in Comets zone.
19:42 of 1st period - Jay Beagle is hit by Corey Potter.
Goals for this period are 0 for Comets vs 0 for Heat.
Shots for this period are 8 for Comets vs 10 for Heat.

2nd period


0:01 of 2nd period - Jay Beagle wins face-off versus Tyler Pitlick in neutral zone.
0:10 of 2nd period - Slapshot by Mike Sislo.
0:10 of 2nd period - Stopped by Michael Leighton without a rebound.
0:11 of 2nd period - Jay Beagle wins face-off versus Tyler Pitlick in Heat zone.
0:44 of 2nd period - Wrist shot by Tyler Pitlick.
0:44 of 2nd period - Stopped by Mike Condon with a rebound.
1:16 of 2nd period - Colby Robak is hit by Lucas Lessio and loses puck.
2:04 of 2nd period - Sven Baertschi is hit by Brooks Laich and loses puck.
2:51 of 2nd period - Snap shot by Ben Hanowski.
2:51 of 2nd period - Stopped by Michael Leighton with a rebound.
2:57 of 2nd period - Snap shot by Jay Beagle.
2:57 of 2nd period - Shot Misses the Net.
3:07 of 2nd period - Andrew Ference is hit by Johan Larsson and loses puck.
3:11 of 2nd period - Icing by Dylan McIlrath.
3:12 of 2nd period - Tyler Pitlick wins face-off versus Jeremy Welsh in Comets zone.
3:13 of 2nd period - Slapshot by Michael Ferland.
3:13 of 2nd period - Shot Misses the Net.
3:37 of 2nd period - Snap shot by Andrew Ference.
3:37 of 2nd period - Stopped by Michael Leighton with a rebound.
3:45 of 2nd period - Snap shot by Nicklas Jensen.
3:45 of 2nd period - Deflect By Sven Baertschi.
3:45 of 2nd period - Shot Misses the Net.
3:45 of 2nd period - Puck is out of play.
3:46 of 2nd period - Landon Ferraro wins face-off versus Lucas Lessio in Heat zone.
3:47 of 2nd period - Wrist shot by Sven Baertschi.
3:47 of 2nd period - Shot Blocked by Tyson Strachan.
3:49 of 2nd period - Snap shot by Landon Ferraro.
3:49 of 2nd period - Deflect By Sven Baertschi.
3:49 of 2nd period - Shot Misses the Net.
3:49 of 2nd period - Puck is out of play.
3:50 of 2nd period - Max Reinhart wins face-off versus Jay Beagle in Heat zone.
4:23 of 2nd period - Snap shot by Michael Ryder.
4:23 of 2nd period - Shot Blocked by Mike Sislo.
5:08 of 2nd period - Snap shot by Andre Burakovsky.
5:08 of 2nd period - Stopped by Mike Condon without a rebound.
5:09 of 2nd period - Jeremy Welsh wins face-off versus Matt Ellis in Comets zone.
5:09 of 2nd period - Jeremy Welsh is hit by Konrad Abeltshauser.
5:23 of 2nd period - Snap shot by Reid Boucher.
5:23 of 2nd period - Stopped by Michael Leighton with a rebound.
5:25 of 2nd period - Slapshot by Andrew Ference.
5:25 of 2nd period - Shot Blocked by Matt Ellis.
5:27 of 2nd period - Slapshot by Andrew Ference.
5:27 of 2nd period - Stopped by Michael Leighton without a rebound.
5:28 of 2nd period - Matt Ellis wins face-off versus Landon Ferraro in Heat zone.
5:30 of 2nd period - Minor Penalty to Tyler Wotherspoon for Hooking.
5:31 of 2nd period - Tyler Pitlick wins face-off versus Jeremy Welsh in Heat zone.
7:15 of 2nd period - Andrew Ference is hit by Konrad Abeltshauser and loses puck.
7:30 of 2nd period - Penalty to Tyler Wotherspoon is over, Tyler Wotherspoon is back on ice.
8:17 of 2nd period - Stephane Veilleux is hit by Corbin McPherson and loses puck.
8:36 of 2nd period - Keith Ballard is hit by Scott Glennie and loses puck.
8:49 of 2nd period - Snap shot by Landon Ferraro.
8:49 of 2nd period - Stopped by Michael Leighton with a rebound.
8:51 of 2nd period - Backhand shot by Colby Robak.
8:51 of 2nd period - Stopped by Michael Leighton with a rebound.
8:53 of 2nd period - Slapshot by Colby Robak.
8:53 of 2nd period - Shot Blocked by Keith Ballard.
9:31 of 2nd period - Slapshot by Scott Glennie.
9:31 of 2nd period - Shot Misses the Net.
9:33 of 2nd period - Snap shot by Andrew Ference.
9:33 of 2nd period - Deflect By Jay Beagle.
9:33 of 2nd period - Shot Misses the Net.
9:33 of 2nd period - Puck is out of play.
9:34 of 2nd period - Jay Beagle wins face-off versus Lucas Lessio in Heat zone.
10:25 of 2nd period - Snap shot by Tyler Kennedy.
10:25 of 2nd period - Deflect By Jay Beagle.
10:25 of 2nd period - Shot Blocked by Tyson Strachan.
10:25 of 2nd period - Puck is out of play.
10:26 of 2nd period - Tyler Pitlick wins face-off versus Jay Beagle in Heat zone.
10:39 of 2nd period - Backhand shot by Tyler Pitlick.
10:39 of 2nd period - Stopped by Mike Condon with a rebound.
10:41 of 2nd period - Wrist shot by Michael Ferland.
10:41 of 2nd period - Goal by Michael Ferland - Comets : 0 - Heat : 1.
10:42 of 2nd period - Johan Larsson wins face-off versus Jeremy Welsh in neutral zone.
11:00 of 2nd period - Minor Penalty to Jared Boll for Hooking.
11:01 of 2nd period - Jay Beagle wins face-off versus Matt Ellis in Comets zone.
11:46 of 2nd period - Off-side.
11:47 of 2nd period - Johan Larsson wins face-off versus Tyler Kennedy in neutral zone.
12:43 of 2nd period - Slapshot by Matt Ellis.
12:43 of 2nd period - Stopped by Mike Condon with a rebound.
12:45 of 2nd period - Snap shot by Tyson Strachan.
12:45 of 2nd period - Stopped by Mike Condon with a rebound.
13:00 of 2nd period - Penalty to Jared Boll is over, Jared Boll is back on ice.
13:36 of 2nd period - Wrist shot by Reid Boucher.
13:36 of 2nd period - Shot Misses the Net.
15:12 of 2nd period - Wrist shot by Brooks Laich.
15:12 of 2nd period - Shot Blocked by Scott Glennie.
15:18 of 2nd period - Snap shot by Brooks Laich.
15:18 of 2nd period - Deflect By Scott Glennie.
15:18 of 2nd period - Shot Misses the Net.
15:18 of 2nd period - Puck is out of play.
15:19 of 2nd period - Jay Beagle wins face-off versus Johan Larsson in Comets zone.
16:11 of 2nd period - Snap shot by Lucas Lessio.
16:11 of 2nd period - Shot Misses the Net.
16:13 of 2nd period - Slapshot by Jason Garrison.
16:13 of 2nd period - Stopped by Mike Condon with a rebound.
16:35 of 2nd period - Andrew Ference is hit by Brooks Laich and loses puck.
17:09 of 2nd period - Jay Beagle is hit by Eric Boulton and loses puck.
17:59 of 2nd period - Snap shot by Jason Garrison.
17:59 of 2nd period - Stopped by Mike Condon with a rebound.
18:36 of 2nd period - Minor Penalty to Corbin McPherson for Boarding.
18:37 of 2nd period - Jay Beagle wins face-off versus Stephane Veilleux in Comets zone.
18:52 of 2nd period - Snap shot by Seth Griffith.
18:52 of 2nd period - Shot Misses the Net.
19:59 of 2nd period - Slapshot by Tyson Strachan.
19:59 of 2nd period - Shot Blocked by Andrew Ference.
Goals for this period are 0 for Comets vs 1 for Heat.
Shots for this period are 7 for Comets vs 8 for Heat.

3rd period


0:01 of 3rd period - Jay Beagle wins face-off versus Johan Larsson in neutral zone.
0:10 of 3rd period - Slapshot by Adam Pardy.
0:10 of 3rd period - Stopped by Michael Leighton without a rebound.
0:11 of 3rd period - Jay Beagle wins face-off versus Johan Larsson in Heat zone.
0:36 of 3rd period - Penalty to Corbin McPherson is over, Corbin McPherson is back on ice.
0:42 of 3rd period - Johan Larsson is hit by Tyler Kennedy and loses puck.
1:03 of 3rd period - Wrist shot by Michael Ryder.
1:03 of 3rd period - Stopped by Mike Condon with a rebound.
1:05 of 3rd period - Slapshot by Lucas Lessio.
1:05 of 3rd period - Shot Misses the Net.
1:25 of 3rd period - Wrist shot by Lucas Lessio.
1:25 of 3rd period - Shot Blocked by Andrew Ference.
1:51 of 3rd period - Backhand shot by Tyler Pitlick.
1:51 of 3rd period - Stopped by Mike Condon with a rebound.
2:17 of 3rd period - Snap shot by Seth Griffith.
2:17 of 3rd period - Shot Misses the Net.
2:19 of 3rd period - Wrist shot by Seth Griffith.
2:19 of 3rd period - Deflect By Brooks Laich.
2:19 of 3rd period - Stopped by Mike Condon with a rebound.
2:21 of 3rd period - Snap shot by Brooks Laich.
2:21 of 3rd period - Stopped by Mike Condon with a rebound.
2:23 of 3rd period - Slapshot by Jason Garrison.
2:23 of 3rd period - Stopped by Mike Condon with a rebound.
3:56 of 3rd period - Wrist shot by Reid Boucher.
3:56 of 3rd period - Stopped by Michael Leighton with a rebound.
4:14 of 3rd period - Kent Huskins is hit by Tyler Wotherspoon and loses puck.
4:27 of 3rd period - Wrist shot by Landon Ferraro.
4:27 of 3rd period - Shot Hit the Post.
4:29 of 3rd period - Wrist shot by Landon Ferraro.
4:29 of 3rd period - Stopped by Michael Leighton with a rebound.
4:31 of 3rd period - Slapshot by Colby Robak.
4:31 of 3rd period - Deflect By Nicklas Jensen.
4:31 of 3rd period - Shot Misses the Net.
4:31 of 3rd period - Puck is out of play.
4:32 of 3rd period - Matt Ellis wins face-off versus Landon Ferraro in Heat zone.
4:43 of 3rd period - Slapshot by Brooks Laich.
4:43 of 3rd period - Stopped by Mike Condon without a rebound.
4:44 of 3rd period - Landon Ferraro wins face-off versus Matt Ellis in Comets zone.
5:35 of 3rd period - Jared Boll is hit by Tyson Strachan.
5:43 of 3rd period - Derek Meech is hit by Andre Burakovsky.
5:44 of 3rd period - Icing by Derek Meech.
5:45 of 3rd period - Max Reinhart wins face-off versus Jeremy Welsh in Comets zone.
5:52 of 3rd period - Slapshot by Lucas Lessio.
5:52 of 3rd period - Shot Hit the Post.
6:34 of 3rd period - Sven Baertschi is hit by Eric Boulton and loses puck.
6:39 of 3rd period - Slapshot by Jason Garrison.
6:39 of 3rd period - Shot Blocked by Dylan McIlrath.
6:47 of 3rd period - Snap shot by Tyler Pitlick.
6:47 of 3rd period - Deflect By Michael Ferland.
6:47 of 3rd period - Stopped by Mike Condon with a rebound.
6:49 of 3rd period - Slapshot by Jason Garrison.
6:49 of 3rd period - Stopped by Mike Condon with a rebound.
7:09 of 3rd period - Icing by Dylan McIlrath.
7:10 of 3rd period - Andre Burakovsky wins face-off versus Sven Baertschi in Comets zone.
7:11 of 3rd period - Snap shot by Johan Larsson.
7:11 of 3rd period - Shot Blocked by Nicklas Jensen.
7:13 of 3rd period - Slapshot by Johan Larsson.
7:13 of 3rd period - Shot Misses the Net.
7:15 of 3rd period - Slapshot by Konrad Abeltshauser.
7:15 of 3rd period - Deflect By Johan Larsson.
7:15 of 3rd period - Shot Blocked by Dylan McIlrath.
7:15 of 3rd period - Puck is out of play.
7:16 of 3rd period - Jeremy Welsh wins face-off versus Johan Larsson in Comets zone.
7:33 of 3rd period - Snap shot by Jared Boll.
7:33 of 3rd period - Deflect By Reid Boucher.
7:33 of 3rd period - Shot Blocked by Stephane Veilleux.
7:33 of 3rd period - Puck is out of play.
7:34 of 3rd period - Jeremy Welsh wins face-off versus Matt Ellis in Heat zone.
8:05 of 3rd period - Wrist shot by Seth Griffith.
8:05 of 3rd period - Shot Blocked by Kent Huskins.
8:25 of 3rd period - Wrist shot by Andre Burakovsky.
8:25 of 3rd period - Deflect By Stephane Veilleux.
8:25 of 3rd period - Shot Blocked by Andrew Ference.
8:25 of 3rd period - Puck is out of play.
8:26 of 3rd period - Johan Larsson wins face-off versus Jay Beagle in Comets zone.
8:49 of 3rd period - Snap shot by Johan Larsson.
8:49 of 3rd period - Shot Blocked by Adam Pardy.
8:51 of 3rd period - Snap shot by Andre Burakovsky.
8:51 of 3rd period - Shot Misses the Net.
9:19 of 3rd period - Jared Boll is hit by Michael Ryder and loses puck.
9:54 of 3rd period - Snap shot by Colby Robak.
9:54 of 3rd period - Deflect By Landon Ferraro.
9:54 of 3rd period - Deflect By Lucas Lessio.
9:54 of 3rd period - Stopped by Michael Leighton without a rebound.
9:55 of 3rd period - Ben Hanowski wins face-off versus Tyler Pitlick in Heat zone.
10:00 of 3rd period - Slapshot by Ben Hanowski.
10:00 of 3rd period - Shot Blocked by Jason Garrison.
10:22 of 3rd period - Snap shot by Mike Sislo.
10:22 of 3rd period - Stopped by Michael Leighton with a rebound.
10:41 of 3rd period - Off-side.
10:42 of 3rd period - Matt Ellis wins face-off versus Jared Boll in neutral zone.
11:33 of 3rd period - Derek Meech is hit by Johan Larsson and loses puck.
11:40 of 3rd period - Wrist shot by Andre Burakovsky.
11:40 of 3rd period - Shot Blocked by Derek Meech.
11:59 of 3rd period - Off-side.
12:00 of 3rd period - Landon Ferraro wins face-off versus Michael Ryder in neutral zone.
12:15 of 3rd period - Snap shot by Michael Ryder.
12:15 of 3rd period - Shot Blocked by Adam Pardy.
12:41 of 3rd period - Snap shot by Mike Sislo.
12:41 of 3rd period - Stopped by Michael Leighton with a rebound.
12:43 of 3rd period - Slapshot by Adam Pardy.
12:43 of 3rd period - Shot Misses the Net.
12:58 of 3rd period - Mike Sislo is hit by Jason Garrison and loses puck.
14:00 of 3rd period - Off-side.
14:01 of 3rd period - Ben Hanowski wins face-off versus Johan Larsson in neutral zone.
14:06 of 3rd period - Wrist shot by Mike Sislo.
14:06 of 3rd period - Deflect By Tyler Kennedy.
14:06 of 3rd period - Stopped by Michael Leighton with a rebound.
14:08 of 3rd period - Wrist shot by Mike Sislo.
14:08 of 3rd period - Shot Blocked by Tyson Strachan.
15:07 of 3rd period - Slapshot by Andrew Ference.
15:07 of 3rd period - Shot Misses the Net.
15:09 of 3rd period - Slapshot by Andrew Ference.
15:09 of 3rd period - Stopped by Michael Leighton with a rebound.
15:11 of 3rd period - Slapshot by Andrew Ference.
15:11 of 3rd period - Shot Misses the Net.
15:37 of 3rd period - Wrist shot by Seth Griffith.
15:37 of 3rd period - Stopped by Mike Condon with a rebound.
15:55 of 3rd period - Slapshot by Brooks Laich.
15:55 of 3rd period - Stopped by Mike Condon with a rebound.
16:56 of 3rd period - Snap shot by Michael Ferland.
16:56 of 3rd period - Shot Misses the Net.
16:58 of 3rd period - Slapshot by Konrad Abeltshauser.
16:58 of 3rd period - Shot Misses the Net.
17:02 of 3rd period - Snap shot by Tyler Pitlick.
17:02 of 3rd period - Stopped by Mike Condon without a rebound.
17:03 of 3rd period - Tyler Pitlick wins face-off versus Ben Hanowski in Comets zone.
17:10 of 3rd period - Snap shot by Tyler Pitlick.
17:10 of 3rd period - Shot Misses the Net.
17:54 of 3rd period - Nicklas Jensen is hit by Tyler Wotherspoon.
17:55 of 3rd period - Icing by Nicklas Jensen.
17:56 of 3rd period - Landon Ferraro wins face-off versus Matt Ellis in Comets zone.
17:56 of 3rd period - Landon Ferraro is hit by Tyson Strachan.
18:03 of 3rd period - Icing by Landon Ferraro.
18:04 of 3rd period - Landon Ferraro wins face-off versus Seth Griffith in Comets zone.
18:25 of 3rd period - Snap shot by Brooks Laich.
18:25 of 3rd period - Stopped by Mike Condon with a rebound.
18:59 of 3rd period - Michael Ryder is hit by Corbin McPherson and loses puck.
19:11 of 3rd period - Nicklas Jensen is hit by Jason Garrison and loses puck.
Goals for this period are 0 for Comets vs 0 for Heat.
Shots for this period are 8 for Comets vs 12 for Heat.